 Dungeon Crawl Stone Soup version 0.25-a0-85-g7617fd2bc2 (webtiles) character file.

Game seed: 163207681582958973, levelgen mode: deterministic

1274 MrRokkomies the Fighter (level 8, -9/75 HPs)
             Began as a Ghoul Monk on Nov 8, 2019.
             Was a Follower of Uskayaw.
             Killed by divine providence
             ... invoked by an orc priest
              (10 damage)
             ... on level 6 of the Dungeon.
             The game lasted 00:09:30 (4332 turns).

MrRokkomies the Fighter (Ghoul Monk)                Turns: 4332, Time: 00:09:31

Health: -9/75      AC:  8    Str: 16    XL:     8   Next: 53%
Magic:  16/16      EV:  7    Int:  5    God:    Uskayaw [*.....]
Gold:   195        SH:  0    Dex: 12    Spells: 7/7 levels left

rFire    . . .     SeeInvis +     - Unarmed
rCold    + . .     Gourm    .   (no shield)
rNeg     + + +     Faith    .   g - +0 chain mail
rPois    ∞         Spirit   .   (no helmet)
rElec    .         Reflect  .   (no cloak)
rCorr    .         Harm     .   (no gloves)
MR       .....                  (no boots)
Stlth    ..........             (no amulet)
HPRegen  0.00/turn              l - ring of see invisible
MPRegen  0.15/turn              u - ring of magical power

@: rotting
A: rotting body, claws 1, carnivore, cold resistance 1, negative energy
resistance 3, inhibited regeneration, torment resistance, unbreathing
a: Stomp, Renounce Religion


You were on level 6 of the Dungeon.
You worshipped Uskayaw.
Uskayaw was noncommittal.
You were not hungry.

You visited 1 branch of the dungeon, and saw 6 of its levels.

You collected 307 gold pieces.
You spent 112 gold pieces at shops.

Inventory:

Hand Weapons
 f - a +1 dagger of venom
Missiles
 i - 6 poisoned darts (quivered)
 q - 10 boomerangs
Armour
 g - a +0 chain mail (worn)
Jewellery
 l - a ring of see invisible (left claw)
 u - a ring of magical power (right claw)
Wands
 m - a wand of digging (4)
 s - a wand of scattershot (4)
Scrolls
 a - a scroll of teleportation
 c - a scroll of enchant armour
 d - a scroll of enchant weapon
 n - 2 scrolls of magic mapping
 r - a scroll of remove curse
 t - a scroll of identify
Potions
 e - a potion of brilliance
 h - 4 potions of heal wounds
 j - a potion of flight {unknown}
 k - a potion of agility {unknown}
 o - 3 potions of magic
Comestibles
 b - 8 rations
 p - a chunk of flesh


   Skills:
 * Level 8.5 Fighting
 - Level 2.6 Dodging
 - Level 2.1 Stealth
 * Level 8.4 Unarmed Combat


You had 7 spell levels left.
You didn't know any spells.
Your spell library contained the following spells:

 Spells                   Type           Power        Failure   Level  Hunger
 Magic Dart               Conj           #...         100%        1    ##.....
 Blink                    Tloc           N/A          100%        2    ###....
 Call Imp                 Summ           #.......     100%        2    ###....
 Slow                     Hex            #.......     100%        2    ###....
 Sticks to Snakes         Tmut           #.......     100%        2    ###....
 Conjure Flame            Conj/Fire      #.......     100%        3    ####...
 Mephitic Cloud           Conj/Pois/Air  #.......     100%        3    ####...
 Beastly Appendage        Tmut           Unusable     N/A         1    N/A
 Spider Form              Tmut/Pois      Unusable     N/A         3    N/A
 Ice Form                 Ice/Tmut       Unusable     N/A         4    N/A
 Blade Hands              Tmut           Unusable     N/A         5    N/A

Dungeon Overview and Level Annotations

Branches:
Dungeon (6/15)
 Temple: D:4-7

Altars:
Gozag
Nemelex Xobeh
Sif Muna
Trog
Uskayaw
Wu Jian
Xom
Zin

Shops:
D:5 *!   D:6 }

Annotations:
D:3 3 runed translucent doors, Rosaphim's ghost, amateur GrMo


Innate Abilities, Weirdness & Mutations

Your body is rotting away.
You thrive on raw meat.
You are immune to poison.
You have sharp fingernails.
You are carnivorous and can eat meat at any time.
Your flesh is cold resistant. (rC+)
You are immune to negative energy. (rN+++)
You do not regenerate when monsters are visible.
You are immune to unholy pain and torment.
You can survive without breathing.


Message History

The orc priest invokes the aid of Beogh against you.
Beogh smites you!
There is an open door here.
You close the door.
An orc warrior opens the door.
The orc wizard casts a spell.
The orc wizard blinks!
Eat one of 3 chunks of flesh? (ye/n/q)
You eat one of the 3 chunks of flesh.
This raw flesh tastes great!
The orc warrior hits you with a +2 scimitar of slicing.
Eat one of 2 chunks of flesh? (ye/n/q)
You eat one of the 2 chunks of flesh.
This raw flesh tastes great!
The orc warrior hits you with a +2 scimitar of slicing!!
* * * LOW HITPOINT WARNING * * *
x2 The orc priest barely misses you.
You barely miss the orc priest.
The orc warrior hits you with a +2 scimitar of slicing.
* * * LOW HITPOINT WARNING * * *
x2 The orc priest mumbles some strange prayers to Beogh against you.
Beogh smites you!
You die...

#.# #.# #.# #.. #.# #.# #.# #.#
##'## #.# #.# #.# ##...##
#.##### #.###.. ##....o##
#.....# #...).. ##.......##
##.###.# #####..
#.........####...##.#######....
+.........oo.o.................
#.........###o@..##..######....
##.......## #.#.###..# #.#.#
##.....## #.#####..# #....
##...## #.##.....# #.### ##'##
#.##.###.# #.... #.# #........#
##.### #.# ######.##### ##.#.##
##.## ##.## #.# #.###..
##...###.#.###.# ##.#.##


You could see an orc warrior, an orc priest, an orc wizard and an orc.

Vanquished Creatures
  3 ice beasts
  A necrophage (D:6)
  A sky beast (D:6)
  A centaur (D:6)
  A bullfrog (D:6)
  2 crimson imps (D:5)
  A jelly (D:6)
  A hound (D:6)
  2 orc priests (D:5)
  Ijyb (D:4)
  5 orc wizards
  2 worker ants
  A hound skeleton (D:4)
  8 gnolls (D:6)
  A howler monkey skeleton (D:4)
  3 adders
  A river rat (D:3)
  A shadow imp (D:5)
  An ooze (D:5)
  An adder skeleton (D:5)
  An adder zombie (D:5)
  A worm (D:2)
  A dart slug (D:1)
  5 leopard geckos
  23 orcs
  3 ball pythons
  12 giant cockroaches
  6 goblins
  7 hobgoblins
  6 jackals
  6 quokkas
  4 bats
  5 frilled lizards
  A jackal skeleton (D:5)
  4 kobolds
  A leopard gecko skeleton (D:4)
  12 rats
136 creatures vanquished.

Notes
Turn   | Place    | Note
-------+----------+-------------------------------------------
     0 | D:1      | MrRokkomies the Ghoul Monk began the quest for the Orb.
     0 | D:1      | Reached XP level 1. HP: 19/19 MP: 0/0
   291 | D:1      | Reached XP level 2. HP: 24/26 MP: 1/1
   569 | D:1      | Reached XP level 3. HP: 33/33 MP: 2/2
   985 | D:2      | Found an opulent altar of Gozag.
   986 | D:2      | Found a glowing silver altar of Zin.
  1021 | D:2      | Found a hide-covered altar of Uskayaw.
  1028 | D:2      | Became a worshipper of Uskayaw the Reveler
  1028 | D:2      | Reached * piety under Uskayaw
  1069 | D:2      | Found a bloodstained altar of Trog.
  1293 | D:3      | Reached ** piety under Uskayaw
  1295 | D:3      | Reached XP level 4. HP: 38/41 MP: 3/3
  1296 | D:3      | Reached *** piety under Uskayaw
  1426 | D:3      | Found a shimmering altar of Xom.
  1426 | D:3      | Found an ornate altar of the Wu Jian Council.
  1479 | D:3      | Found a runed translucent gate.
  1479 | D:3      | Found a runed translucent gate.
  1479 | D:3      | Found a runed translucent gate.
  2007 | D:3      | Noticed Rosaphim's ghost (amateur GrMo)
  2166 | D:4      | Reached XP level 5. HP: 44/47 MP: 4/4
  2307 | D:4      | Reached skill level 5 in Fighting
  2307 | D:4      | Reached skill level 5 in Unarmed Combat
  2410 | D:4      | Noticed a slave
  2410 | D:4      | Noticed a slave
  2714 | D:4      | Reached XP level 6. HP: 40/55 MP: 5/5
  2892 | D:4      | Found a shimmering blue altar of Sif Muna.
  2892 | D:4      | Noticed Ijyb
  2908 | D:4      | Killed Ijyb
  3034 | D:4      | Noticed a slave
  3089 | D:5      | Entered Level 5 of the Dungeon
  3092 | D:5      | Found a sparkling altar of Nemelex Xobeh.
  3102 | D:5      | Noticed an ice beast
  3118 | D:5      | Killed an ice beast
  3151 | D:5      | Found Behud's Distillery.
  3153 | D:5      | Found Zecluwn's General Store.
  3165 | D:5      | Bought a potion of heal wounds for 70 gold pieces
  3165 | D:5      | Bought a potion of degeneration for 14 gold pieces
  3171 | D:5      | Bought a cursed amulet of inaccuracy for 28 gold pieces
  3505 | D:5      | Reached XP level 7. HP: 64/64 MP: 6/6
  3603 | D:5      | Reached **** piety under Uskayaw
  3999 | D:6      | Reached XP level 8. HP: 58/71 MP: 7/7
  4001 | D:6      | Found Yvelyi Eragu's Gadget Shop.
  4036 | D:6      | Reached ***** piety under Uskayaw
  4056 | D:6      | Reached ****** piety under Uskayaw
  4332 | D:6      | HP: 2/75 [orc warrior/+2 scimitar of slicing (2)]
  4332 | D:6      | Killed from afar by an orc priest

Levels and vault maps discovered:
D:1:      psy_arrival_fountain, layout_basic, minmay_worlds_worst_comb
D:2:      layout_rooms, grunt_temple_overflow_gold_and_silver, bloody_trog,
          eat_drink_and_be_merry_uskayaw
D:3:      layout_loops_ring, gammafunk_temple_overflow_statue,
          portal_sewer_entry_e, gammafunk_ghost_icy
D:4:      layout_basic, first_ration, led_sif_pool, uniq_ijyb, uniq_pikel
D:5:      layout_loops_ring, kennysheep_mini_moat, serial_shops, shop,
          nicolae_shop_trees
D:6:      layout_loops_corners, minmay_temple_entry_nine_rooms, serial_shops,
          nicolae_shop_waterfront, nicolae_ru_sacrificial_ziggurat

Skill      XL: |  1  2  3  4  5  6  7  8 |
---------------+-------------------------+-----
Fighting       | 4 5 6 7 8 |  8.5
Unarmed Combat | 4 5 6 7 8 |  8.4
Dodging        | |  2.6
Stealth        | |  2.1

Action                   |  1- 3 |  4- 6 |  7- 9 || total
-------------------------+-------+-------+-------++-------
Melee: Unarmed           |   112 |   288 |   110 ||   510
       Punch             |       |     1 |     3 ||     4
Throw: Dart              |       |     2 |       ||     2
  Use: Scroll            |     8 |     1 |     2 ||    11
 Stab: Sleeping          |     2 |       |       ||     2
       Paralysed         |       |     2 |     4 ||     6
  Eat: Chunk             |     5 |     8 |    14 ||    27
Armor: Ring mail         |    37 |     2 |       ||    39
       Chain mail        |       |   155 |    41 ||   196
Dodge: Dodged            |    62 |   110 |    48 ||   220

Table legend:
 A = Non-vault XP
 B = Vault XP
 C = Vault XP percentage of total XP
 D = Non-vault monster count
 E = Vault monster count
 F = Vault count percentage of total count
                 A         B        C        D         E       F
            +---------+---------+-------+---------+---------+-------
      Total |    1752 |      69 |   3.8 |     122 |      14 |  10.3
            +---------+---------+-------+---------+---------+-------
        D:1 |      27 |      10 |  27.0 |      15 |       5 |  25.0
        D:2 |      38 |       0 |   0.0 |      13 |       0 |   0.0
        D:3 |      41 |      21 |  33.9 |      18 |       8 |  30.8
        D:4 |     187 |      38 |  16.9 |      20 |       1 |   4.8
        D:5 |     589 |       0 |   0.0 |      33 |       0 |   0.0
        D:6 |     870 |       0 |   0.0 |      23 |       0 |   0.0
            +---------+---------+-------+---------+---------+-------
